 Dungeon Crawl Stone Soup version 0.22.1-2-g9c5b331383 (webtiles) character file.

102 McIrco the Sneak (level 4, 0/30 HPs)
             Began as a Vampire Enchanter on Jan 5, 2019.
             Slain by an adder (4 damage)
             ... on level 3 of the Dungeon.
             The game lasted 00:07:00 (4570 turns).

McIrco the Sneak (Vampire Enchanter)                Turns: 4570, Time: 00:07:01

Health: 0/30       AC:  2    Str:  7    XL:     4   Next: 50%
Magic:  5/7        EV: 13    Int: 17    God:
Gold:   88         SH:  0    Dex: 15    Spells: 1/7 levels left

rFire    . . .     SeeInvis +   a - +1 dagger
rCold    + + .     Gourm    .   (no shield)
rNeg     + + +     Faith    .   b - +0 robe
rPois    ∞         Spirit   .   (no helmet)
rElec    .         Reflect  .   (no cloak)
rCorr    .         Harm     .   (no gloves)
MR       .....                  (no boots)
Stlth    ++++++....             (no amulet)
HPRegen  0.00/turn              g - ring of stealth
MPRegen  0.10/turn              (no ring)

@: bloodless, non-regenerating
A: fangs 3, see invisible, unbreathing
a: Bat Form


You were on level 3 of the Dungeon.
You were bloodless.

You visited 1 branch of the dungeon, and saw 3 of its levels.

You collected 88 gold pieces.

Inventory:

Hand Weapons
 a - a +1 dagger (weapon)
Armour
 b - a +0 robe (worn)
 m - a +0 cloak
 n - a +0 shield
Jewellery
 g - a ring of stealth (left hand)
Scrolls
 e - 5 scrolls of identify {unknown}
 h - a scroll of random uselessness {unknown}
 i - a scroll of fog {unknown}
 k - a scroll of teleportation {unknown}
 l - a scroll of enchant armour {unknown}
 o - a scroll of magic mapping {unknown}
 p - a scroll of immolation {unknown}
Potions
 c - a potion of invisibility {unknown}
 d - 4 potions of blood
 f - 3 potions of heal wounds {unknown}
 j - a potion of mutation {unknown}


   Skills:
 * Level 4.0 Short Blades
 + Level 3.0 Dodging
 - Level 5.0 Stealth
 - Level 2.0 Spellcasting
 - Level 4.4 Hexes


You had one spell level left.
You knew the following spells:

 Your Spells              Type           Power        Failure   Level  Hunger
a - Corona                Hex            ###....      3%          1    #......
b - Ensorcelled Hibernat  Hex/Ice        #.....       12%         2    ###....
c - Tukima's Dance        Hex            ###.....     10%         3    ###....

Your spell library contained the following spells:

 Spells                   Type           Power        Failure   Level  Hunger
 Beastly Appendage        Tmut           #.....       19%         1    #......
 Confuse                  Hex            ###.....     10%         3    ###....
 Dazzling Spray           Conj/Hex       #.....       24%         3    ###....
 Sticks to Snakes         Tmut           #.......     28%         2    ###....
 Spider Form              Tmut/Pois      #.........   50%         3    ###....
 Ice Form                 Ice/Tmut       #.......     88%         4    #####..
 Blade Hands              Tmut           #.........   99%         5    ######.


Dungeon Overview and Level Annotations

Branches:
Dungeon (3/15)

Altars:
Kikubaaqudgha
The Shining One


Innate Abilities, Weirdness & Mutations

You do not heal naturally.
You are immune to poison.
You have razor-sharp teeth.
You have supernaturally acute eyesight. (SInv)
You can survive without breathing.


Message History

* * * LOW HITPOINT WARNING * * *
You closely miss the adder.
The adder is heavily wounded.
The adder bites you.
* * * LOW HITPOINT WARNING * * *
The frilled lizard bites you.
* * * LOW HITPOINT WARNING * * *
You barely miss the adder.
The adder is heavily wounded.
The adder barely misses you.
Casting: Ensorcelled Hibernation (safe; 12% risk of failure)
Confirm with . or Enter, or press ? or * to list all spells.
Aiming: Ensorcelled Hibernation (safe; 12% risk of failure)
Press: ? - help, Shift-Dir - straight line, f - adder
Aim: an adder (heavily wounded, chance to defeat MR: 50%)
The adder resists with some effort.
The adder bites you.
* * * LOW HITPOINT WARNING * * *
The frilled lizard bites you but does no damage.
The adder bites you.
You die...

.#....
.....
###....
#..... #
#....##
##.##.....#
......S...#
#...l@..#
#.......##
####.....#
####..##
##..# #..#
#..## ##..#
#..#


You could see an adder and a frilled lizard.

Vanquished Creatures
  An adder (D:3)
  2 oozes (D:2)
  4 worms (D:2)
  3 dart slugs (D:2)
  8 bats
  7 giant cockroaches
  8 goblins
  5 hobgoblins
  5 jackals (D:2)
  A quokka (D:2)
  A ball python (D:1)
  6 frilled lizards
  4 kobolds
  13 rats
68 creatures vanquished.

Notes
Turn   | Place    | Note
-------+----------+-------------------------------------------
     0 | D:1      | McIrco the Vampire Enchanter began the quest for the Orb.
     0 | D:1      | Reached XP level 1. HP: 13/13 MP: 3/3
   128 | D:1      | Reached skill level 5 in Stealth
   236 | D:1      | Reached XP level 2. HP: 13/19 MP: 5/5
   998 | D:2      | Reached XP level 3. HP: 24/24 MP: 6/6
  1044 | D:2      | Learned a level 2 spell: Ensorcelled Hibernation
  3317 | D:2      | Reached XP level 4. HP: 22/30 MP: 7/7
  4369 | D:2      | Found a glowing golden altar of the Shining One.
  4378 | D:2      | Learned a level 3 spell: Tukima's Dance
  4483 | D:3      | Found an ancient bone altar of Kikubaaqudgha.
  4570 | D:3      | Slain by an adder

Skill      XL: |  1  2  3  4 |
---------------+-------------+-----
Stealth        | 5 |  5.0
Short Blades   | 2 3 4 |  4.0
Dodging        | 3 |  3.0
Spellcasting   | |  2.0
Hexes          | |  4.4

Action                   |  1- 3 |  4- 6 || total
-------------------------+-------+-------++-------
Melee: Dagger            |   191 |    70 ||   261
       Bite              |    16 |     5 ||    21
 Cast: Ensorcelled Hiber |       |     6 ||     6
  Use: Potion            |     1 |     1 ||     2
 Stab: Sleeping          |    22 |     4 ||    26
       Distracted        |       |     1 ||     1
  Eat: Corpse            |     1 |     1 ||     2
Armor: Robe              |    45 |     5 ||    50
Dodge: Dodged            |   117 |    37 ||   154
